AoeStats
← web

Enclosed

506728900Analyzed
1v1 RM · 17d ago on Sep 14, 2026· 18m 4s· 2 players
Game mode
Random Map
Map size
Tiny (2 player)
Population
200
Speed
Normal
Resources
Standard
Victory
Conquest
Starting age
Dark Age
Ending age
Imperial Age
RankedLock teamsTeams togetherTeam positionsShared explorationLock speedFull tech treeHidden civsTurbo modeCheats
Victory
Defeat
🇫🇷 Khmer · France
1431
+16
🇺🇸 Maya · United States
1435
-16
coco le bonobo
8:17 Loom
10:27 Feudal Age
13:39 Castle Age
web
0:26 Loom
8:52 Feudal Age
11:15 Double-Bit Axe
12:37 Fletching
15:21 Padded Archer Armor
Connection lost

Rejoining the realm…

Still unreachable

The connection could not be restored.

Session expired

The server has moved on; the page needs a fresh start.